 Dungeon Crawl Stone Soup version 0.20-a0-754-g13ddd6e (webtiles) character file.

30 nono the Chucker (level 3, -3/18 HPs)
             Began as a Vine Stalker Hunter on Feb 26, 2017.
             Slain by a goblin (5 damage)
             ... led by Robin
             ... on level 3 of the Dungeon.
             The game lasted 00:02:55 (472 turns).

nono the Chucker (Vine Stalker Hunter)               Turns: 472, Time: 00:02:56

Health: -3/18      AC:  4    Str: 15    XL:     3   Next: 20%
Magic:  0/4        EV: 12    Int: 11    God:
Gold:   31         SH:  0    Dex: 14    Spells: 2/2 levels left

rFire    . . .     SeeInvis .   a - +0 short sword
rCold    . . .     Gourm    .   b - +0 leather armour
rNeg     . . .     Faith    .   (no shield)
rPois    .         Spirit   +   (no helmet)
rElec    .         Reflect  .   (no cloak)
rCorr    .         Harm     .   h - +0 pair of gloves
MR       .....                  (no boots)
Stlth    ++........             (no amulet)
Regen    0.1/turn               (no ring)
MPRegen  0.1/turn               (no ring)

@: no status effects
A: fangs 2, magic shield, antimagic bite, no potion heal 3, rot immunity
a: no special abilities


You were on level 3 of the Dungeon.
You were not hungry.

You visited 1 branch of the dungeon, and saw 4 of its levels.

You collected 31 gold pieces.

Inventory:

Hand Weapons
 a - a +0 short sword (weapon)
Missiles
 c - 6 javelins (quivered)
 d - a throwing net
Armour
 b - a +0 leather armour (worn)
 h - a +0 pair of gloves (worn)
Scrolls
 e - a scroll of identify {unknown}
 g - a scroll of magic mapping {unknown}
Comestibles
 f - a bread ration


   Skills:
 + Level 2.2 Fighting
 + Level 1.4 Short Blades
 - Level 3.6 Throwing
 - Level 2.0 Dodging
 - Level 1.2 Stealth


You had 2 spell levels left.
You didn't know any spells.

Dungeon Overview and Level Annotations

Branches:
Dungeon (4/15)
 Temple: D:4-7

Altars:
Ashenzari

Annotations:
D:3 Robin


Innate Abilities, Weirdness & Mutations

You have extremely sharp teeth.
When hurt, damage is shared between your health and your magic reserves.
Your bite disrupts and absorbs the magic of your enemies.
Potions cannot restore your health.
You are immune to rotting.


Message History

Robin roars a battlecry!
The goblins go into a battle-frenzy!
You hear a shout! x2
A goblin comes into view. It is wielding a dagger.
The goblin shouts!
You hear a shout! x4
Robin says, "My goblins will feast on your bones."
Robin roars a battlecry!
Things that are here:
a dagger; a goblin corpse Robin laughs in a distinctly smug fashion.
You hit the goblin.
You kill the goblin!
Robin throws the goblin at you!
* * * LOW HITPOINT WARNING * * *
The goblin barely misses you.
You barely miss the goblin. The goblin barely misses you.
The orc closely misses you.
There is an open door here.
You closely miss the goblin. The goblin hits you.
You die... # ################### ####.................# #......#############.# #......# #.# .......# ###########.# # og #....>.###...........#.# #gg #######..........###.#.###.. .gg

#..........gog........<.###
#.........@##..#.#####..g..
#..........##..#... .......
#############g.#####...#
#..g).)ggg.# ( #.#######..#
.. #.# .# ... #.# # ### #.#
#.#


You could see an orc and 2 goblins.

Vanquished Creatures
  An adder (D:3)
  2 leopard geckos
  An orc (D:3)
  A bat (D:1)
  2 hobgoblins (D:1)
  2 jackals (D:1)
  3 kobolds
  2 frilled lizards (D:1)
  3 goblins
  A rat (D:3)
18 creatures vanquished.

Notes
Turn   | Place    | Note
-------+----------+-------------------------------------------
     0 | D:1      | nono the Vine Stalker Hunter began the quest for the Orb.
     0 | D:1      | Reached XP level 1. HP: 11/11 MP: 2/2
    84 | D:1      | Reached XP level 2. HP: 11/15 MP: 3/3
   189 | D:1      | Reached skill level 1 in Short Blades
   297 | D:3      | Found a shattered altar of Ashenzari.
   376 | D:4      | Noticed a scorpion
   397 | D:3      | Reached XP level 3. HP: 7/18 MP: 0/4
   456 | D:3      | Noticed Robin
   472 | D:3      | Slain by a goblin

Vault maps used:
D:1:      dpeg_arrival_ternary
D:2:      nicolae_overflow_hidden_temple, grunt_temple_overflow_open
D:3:      kennysheep_big_flooded_room, old_standard_altar, trog_wizard,
          uniq_robin
D:4:      lemuel_doored_altar, first_bread, uniq_eustachio, uniq_blork_the_orc,
          uniq_pikel, uniq_natasha

Skill      XL: |  1  2 |
---------------+-------+-----
Dodging        | 2 |  2.0
Short Blades   | 1 |  1.4
Fighting       | 2 |  2.2
Throwing       | |  3.6
Stealth        | |  1.2

Action                   || total
-------------------------++-------
Melee: Short sword       ||    65
       Bite              ||    15
Throw: Javelin           ||     2
       Throwing net      ||     1
 Stab: Sleeping          ||     1
Armor: Leather armour    ||    13
Dodge: Dodged            ||    47
